 Dungeon Crawl Stone Soup version 0.27-a0-660-g90476cec82 (webtiles) character file.

Game seed: 3353072364260253999

182962 shoop the Severer (level 17, -5/169 HPs)
             Began as a Palentonga Abyssal Knight on Mar 16, 2021.
             Was a High Priest of Lugonu.
             Slain by a bone dragon (15 damage)
             ... on level 1 of the Abyss on Mar 25, 2021.
             The game lasted 02:41:04 (38881 turns).

shoop the Severer (Palentonga Abyssal Knight)      Turns: 38881, Time: 02:41:06

Health: -5/169     AC: 22    Str: 20    XL:     17   Next: 73%
Magic:  26/26      EV: 30    Int: 15    God:    Lugonu [*****.]
Gold:   970        SH: 13    Dex: 12    Spells: 22/22 levels left

rFire    + + .     SeeInvis +   b - +3 broad axe (distort)
rCold    x x .     Faith    .   E - +2 kite shield
rNeg     . . .     Spirit   .   q - +3 salamander hide armour {Flames rF++ rC--}
rPois    +         Reflect  .   l - +0 helmet of the Realm of Zot {rPois Dex+2}
rElec    .         Harm     .   N - +0 cloak
rCorr    .         Rampage  .   y - +0 pair of gloves {archery}
Will     +....                  (no barding)
Stlth    ++........             S - amulet of the acrobat
HPRegen  0.00/turn              c - +4 ring of evasion
MPRegen  0.20/turn              r - +4 ring of protection

@: about to teleport, acrobatic, non-regenerating, badly diseased, slowed,
studying Staves, curled up, very slow
A: large, rugged brown scales 3, see invisible, deformed body, roll 1, armoured
tail, reflexive curl
a: Rolling Charge, Renounce Religion, Depart the Abyss, Bend Space, Banish,
Corrupt, Enter the Abyss


You were on level 1 of the Abyss.
You worshipped Lugonu.
Lugonu was extremely pleased with you.
You visited 5 branches of the dungeon, and saw 27 of its levels.
You visited the Abyss 3 times.
You also visited: Ossuary and Gauntlet.

You collected 2665 gold pieces.
You spent 1695 gold pieces at shops.

Inventory:

Hand Weapons
 a - the +11 war axe of Eternal Vigilance {pain, rElec Str-4 Dex+2}
   (You bought it in a shop on level 6 of the Dungeon)

   In the hands of one skilled in necromantic magic, it inflicts extra damage on
   living creatures.
   It affects your strength (-4).
   It affects your dexterity (+2).
   It insulates you from electricity.
 b - a +3 broad axe of distortion (weapon)
 s - the +5 broad axe of Doubt {antimagic, +Blink rF+ Dex-5 Stlth+}
   (You found it on level 3 of the Lair of Beasts)

   It reduces the magical energy of the wielder, and disrupts the spells and
   magical abilities of those hit.
   Natural abilities and divine invocations are not affected.
   It affects your dexterity (-5).
   It protects you from fire.
   It lets you blink.
   It makes you more stealthy.
Missiles
 m - 4 boomerangs of dispersal
 Q - 24 silver javelins
Armour
 l - the +0 helmet of the Realm of Zot (worn) {rPois Dex+2}
   (You found it in a Gauntlet)

   It affects your dexterity (+2).
   It protects you from poison.
 q - the +3 salamander hide armour (worn) {Flames rF++ rC--}
   (You bought it in a shop on level 4 of the Dungeon)

   It surrounds you with a cloud of flames.
   It grants immunity to clouds of flame.
   It enhances your fire magic.
   It greatly protects you from fire.
   It makes you very vulnerable to cold.
 y - a +0 pair of gloves of archery (worn)
 E - a +2 kite shield (worn)
 N - a +0 cloak (worn)
 R - a +2 helmet of intelligence
Jewellery
 c - a +4 ring of evasion (right hand)
 r - a +4 ring of protection (left hand)
 v - an amulet of regeneration
 x - the amulet "Buoskag" {Reflect Int+4 SH+5}
   (You found it on level 4 of the Lair of Beasts)

   [amulet of reflection]

   It shields you and reflects attacks.
   It affects your intelligence (+4).
   It affects your SH (+5).
 S - an amulet of the acrobat (around neck)
 W - the amulet "Kiskoc" {Reflect +Inv rF+ SH+5}
   (You found it on level 9 of the Dungeon)

   [amulet of reflection]

   It shields you and reflects attacks.
   It protects you from fire.
   It lets you turn invisible.
   It affects your SH (+5).
 Y - a ring of willpower
Wands
 f - a wand of polymorph (13) (quivered)
 D - a wand of iceblast (16)
 I - a wand of digging (6)
 M - a wand of acid (18)
 O - a wand of charming (3)
 U - a wand of paralysis (6)
Scrolls
 d - 6 scrolls of blinking
 e - a scroll of immolation
 i - 3 scrolls of fog
 p - 7 scrolls of fear
 u - 3 scrolls of acquirement
 w - 7 scrolls of teleportation
 C - 5 scrolls of magic mapping
 G - 2 scrolls of torment {unknown}
 K - 2 scrolls of summoning
 P - a scroll of holy word
Potions
 h - 3 potions of invisibility
 j - 5 potions of mutation {unknown}
 k - 8 potions of brilliance
 o - a potion of heal wounds
 t - 5 potions of lignification
 z - 2 potions of haste
 A - 11 potions of curing
 B - 3 potions of resistance {unknown}
 F - 5 potions of ambrosia
 H - 3 potions of magic
 J - 6 potions of flight
 L - 2 potions of cancellation
 X - 3 potions of might
 Z - 2 potions of berserk rage
Miscellaneous
 g - a lightning rod (4/4)
 n - a condenser vane
 T - a phial of floods
 V - a box of beasts


   Skills:
 + Level 16.3 Fighting
 - Level 18.0 Axes
 - Level 1.0 Throwing
 - Level 5.0 Armour
 - Level 5.0 Dodging
 - Level 3.0 Stealth
 - Level 9.0 Shields
 - Level 3.0 Spellcasting
 - Level 13.0 Invocations
 - Level 10.0 Evocations


You had 22 spell levels left.
You didn't know any spells.
Your spell library contained the following spells:

 Spells                   Type           Power      Damage    Failure   Level
 Animate Skeleton         Necr           4%         N/A       22%         1
 Pain                     Necr           8%         1d4       22%         1
 Ignite Poison            Fire/Tmut/Pois 3%         N/A       56%         3
 Static Discharge         Conj/Air       2%         N/A       56%         3
 Vampiric Draining        Necr           1%         2d6       56%         3
 Animate Dead             Necr           1%         N/A       92%         4
 Agony                    Necr           2%         N/A       99%         5
 Fireball                 Conj/Fire      1%         3d3       99%         5
 Irradiate                Conj/Tmut      1%         3d13      99%         5
 Lightning Bolt           Conj/Air       1%         1d12      99%         5
 Hydra Form               Tmut           1%         N/A       100%        6
 Starburst                Conj/Fire      1%         8x6d3     100%        6
 Statue Form              Tmut/Erth      1%         N/A       100%        6
 Dragon Form              Tmut           1%         N/A       100%        7
 Ignition                 Fire           1%         3d3       100%        8
 Shatter                  Erth           1%         3d5*      100%        9
 Tornado                  Air            1%         N/A       100%        9


Dungeon Overview and Level Annotations

Branches:
Dungeon (15/15)            Temple (0/1) D:7            Lair (6/6) D:10
  Swamp (0/4) Lair:4       Spider (0/4) Lair:4        Slime (0/5) Lair:6
    Orc (2/2) D:11            Elf (3/3) Orc:2        Vaults (0/5) D:14
 Depths (1/5) D:15        Ossuary (visited)         Gauntlet (visited)

Altars:
Dithmenos
Elyvilon
Fedhas
Gozag
Makhleb
Trog
Vehumet
Zin
Beogh
Jiyva

Shops:
D:4 [   D:6 ((=(   D:11 !=*?   D:12 =(!   D:15 ?   Orc:2 !!?!   Elf:2 :
Elf:3 ?

Annotations:
D:7 2 transporters, Maimakterion's ghost, novice TrFi
Lair:4 Poifiw's ghost, journeyman GnFi
Lair:6 1 runed translucent door
Orc:2 corrupted
Elf:2 3 runed translucent doors
Elf:3 corrupted
Abyss:1 Erica; Erolcha


Innate Abilities, Weirdness & Mutations

You are completely covered in rugged brown scales. (AC +3, +7% HP)
You have supernaturally acute eyesight. (SInv)
Armour fits poorly on your strangely shaped body.
You can roll at nearby foes to attack.
You have a long armoured tail.
You curl defensively after being hit.


Message History

You block the bone dragon's attack. x2; The bone dragon closely misses you.
The bone dragon is engulfed in blazing flames.
You feel ill.
The bone dragon is engulfed in blazing flames.
You block the bone dragon's attack. The bone dragon completely misses you.
The bone dragon barely misses you.
Save game and exit?
Level annotation: Erica; Erolcha Welcome back, shoop the Palentonga Abyssal Knight.
Lugonu says: Spread carnage and corruption!
Press ? for a list of commands and other information.
Space bends sharply around you!
The bone dragon blinks!
You blink.
As you read the scroll of teleportation, it crumbles to dust.
You feel strangely unstable.
You feel the power of the Abyss delaying your translocation!
Tentacles burst from the starspawn's body! 2 starspawn tentacles come into view.
Okay, then.
You don't know any spells.
Press: ? - help, Shift-Dir - straight line, f - bone dragon
Aim: a bone dragon (heavily damaged, chance to affect: 26%)
Okay, then.
Unknown command.
The starspawn tentacle is engulfed in blazing flames. x2
You block the starspawn tentacle's attack.
The tentacled starspawn is engulfed in blazing flames.
The starspawn tentacle is engulfed in blazing flames. x2
The ancient zyme is engulfed in blazing flames.
You block the ancient zyme's attack. The ancient zyme misses you.
The tentacled starspawn is engulfed in blazing flames.
The ancient zyme is engulfed in blazing flames.
You destroy the ancient zyme!
The bone dragon bites you.
* * * LOW HITPOINT WARNING * * *
The bone dragon closely misses you.
The bone dragon tramples you but does no damage.
Unknown command.
Tentacles burst from the starspawn's body!
The bone dragon bites you!
You die...

#..##..##..# ..##
##..##..##..##..##..##
..... ................
.. ...................
#..##..##..##..##..##
##..##..##..##.. ##
.......°○.○.......#
........§☼D°°.......#
#..##..##§@##○.##..###
#.. #..##○w# °# ..#
... . ......X........
# ..
.......w...........
#..##..##..##..##. #..
#..##..# ..# ...
......... ... ..
.......... ... .# .
##..## ##.


You could see a bone dragon, a tentacled starspawn and 2 starspawn tentacles.

Vanquished Creatures
  A deep elf master archer (Elf:3)
  A deep elf blademaster (Elf:3)
  Frances (D:14)
  A tentacled starspawn (Abyss:3)
  A revenant (Abyss:1)
  2 deep elf sorcerers
  A frost giant (Depths:1)
  A cacodemon (Abyss:1)
  3 deep elf elementalists (Elf:3)
  A very ugly thing (D:15)
  A reaper (Abyss:3)
  Nessos (D:12)
  5 deep elf demonologists (Elf:3)
  The ghost of Lobster4 the Fighter, a journeyman HuWn of Gozag (Lair:3)
  6 dire elephants
  A minotaur (Gauntlet)
  5 deep elf annihilators (Elf:3)
  3 ettins
  A deep elf death mage (Elf:3)
  Josephine (Lair:3)
  4 deep elf high priests (Elf:3)
  A fire dragon (Depths:1)
  A naga warrior (Abyss:3)
  A rakshasa (Depths:1)
  A hell beast (Gauntlet)
  An ogre mage (D:15)
  3 boulder beetles
  An anaconda (Lair:6)
  2 catoblepae
  The ghost of Grognak the Carver, a novice MiCK of Xom (D:9)
  13 hydras
  A centaur warrior (D:15)
  7 death yaks
  17 dancing weapons
  An alligator (Lair:4)
  A two-headed ogre (D:15)
  An orc high priest (Orc:1)
  A tengu warrior (D:15)
  11 deep elf knights
  2 thrashing horrors (Abyss:3)
  A fire crab (shapeshifter) (Elf:1)
  3 wretched stars
  3 sixfirhies
  2 fire crabs
  2 deep trolls
  17 deep elf archers
  A necromancer (D:14)
  22 deep elf zephyrmancers
  2 ugly things
  22 deep elf pyromancers
  An orb spider (Abyss:1)
  4 cyclopes
  7 oklob plants
  2 will-o-the-wisps
  2 orc sorcerers
  3 black mambas
  A guardian serpent (Abyss:3)
  9 elephants
  2 torpor snails (Lair:4)
  An orange demon (Abyss:1)
  4 cane toads
  11 komodo dragons
  A rime drake (Lair:4)
  4 kobold demonologists
  An efreet (D:15)
  An ancient zyme (Abyss:1)
  A tengu conjurer (D:15)
  4 starcursed masses (Abyss:3)
  5 polar bears
  A queen bee (D:9)
  8 trolls
  A wolf spider simulacrum (D:15)
  2 hornets
  3 raiju
  8 slime creatures (D:15)
  6 dream sheep
  A meliai zombie (D:15)
  An air elemental (Elf:1)
  3 spriggans
  3 wyverns
  A shadow (D:15)
  9 wraiths
  39 yaks
  3 flying skulls (Gauntlet)
  4 fire bats (Gauntlet)
  7 water elementals
  3 basilisks
  A fire elemental (Elf:2)
  7 vampire mosquitoes (Lair:2)
  2 wargs
  2 nagas (Abyss:3)
  2 acid dragons (D:14)
  4 soldier ants (D:13)
  2 hell hounds (Gauntlet)
  19 water moccasins
  A swamp drake (Lair:2)
  3 ice beasts
  14 orc warriors
  4 sky beasts
  12 ogres
  A boggart (Lair:4)
  3 large abominations
  A wolf (Lair:4)
  9 centaurs
  A phantom (D:11)
  3 kobold brigands
  A gnoll sergeant (Orc:1)
  13 bullfrogs
  3 elf skeletons (D:6)
  4 earth elementals
  2 small abominations (Abyss:3)
  3 wyvern zombies
  4 scorpions
  A wyvern skeleton (D:10)
  23 killer bees
  6 howler monkeys
  17 wights
  An electric eel (D:9)
  4 bullfrog zombies
  2 quasits
  8 centaur zombies
  14 orc priests
  7 hounds
  5 centaur skeletons
  3 jellies
  A bullfrog skeleton (D:11)
  13 mummies (Ossuary)
  4 hell rats (Lair:5)
  2 iguanas
  A human skeleton (D:6)
  8 worker ants
  19 orc wizards
  A killer bee zombie (D:9)
  4 hound zombies (Ossuary)
  2 hound skeletons
  4 worker ant zombies
  Robin (D:3)
  5 gnolls
  A howler monkey skeleton (D:5)
  9 adders
  2 shadow imps
  2 white imps
  An ufetubus (Abyss:1)
  2 oozes
  7 adder zombies
  4 leopard geckos
  60 orcs
  4 giant cockroaches
  13 goblins
  10 hobgoblins
  10 jackals
  3 quokkas
  2 ball pythons
  5 bats
  4 frilled lizards
  A jackal zombie (Ossuary)
  15 kobolds
  An orc skeleton (D:6)
  An orc zombie (D:6)
  5 quokka zombies
  7 rats
  A bush (Lair:6)
  2 starspawn tentacles (Abyss:3)
800 creatures vanquished.

Vanquished Creatures (collateral kills)
  A raiju (Abyss:1)
1 creature vanquished.

Vanquished Creatures (others)
  A storm dragon (Elf:3)
  2 deep elf sorcerers (Elf:3)
  2 deep elf elementalists (Elf:3)
  A deep elf annihilator (Elf:3)
  2 deep elf demonologists (Elf:3)
  3 deep elf death magi (Elf:3)
  A dancing weapon (Elf:3)
  3 orc high priests (Orc:2)
  A deep elf knight (Elf:1)
  2 deep elf pyromancers
  3 orc sorcerers (Orc:2)
  3 orc knights (Orc:2)
  A spriggan (shapeshifter) (Elf:3)
  A fire elemental (Elf:3)
  4 orc warriors (Orc:2)
  2 orc priests (Orc:2)
  An orc wizard (Orc:2)
  14 foxfires
  33 fungi
  80 plants
  10 starspawn tentacles
  7 withered plants
177 creatures vanquished.

Grand Total: 978 creatures vanquished

Notes
Turn   | Place    | Note
-------+----------+-------------------------------------------
     0 | Abyss:1  | shoop the Palentonga Abyssal Knight began the quest for the
                  | Orb.
     0 | Abyss:1  | Reached XP level 1. HP: 20/20 MP: 2/2
    10 | D:1      | Escaped the Abyss
   281 | D:1      | Reached XP level 2. HP: 27/27 MP: 3/3
   650 | D:1      | Reached ** piety under Lugonu
   772 | D:2      | Noticed Robin
   959 | D:2      | Reached XP level 3. HP: 25/33 MP: 5/5
  1259 | D:3      | Reached skill level 3 in Axes
  1418 | D:3      | Killed Robin
  1540 | D:2      | Found a shadowy altar of Dithmenos.
  1744 | D:3      | Reached XP level 4. HP: 23/40 MP: 6/6
  2296 | D:3      | Reached *** piety under Lugonu
  2297 | D:3      | Reached XP level 5. HP: 48/48 MP: 6/8
  2312 | D:3      | Reached skill level 4 in Axes
  2950 | D:3      | Found an opulent altar of Gozag.
  3042 | D:4      | Noticed an ogre
  3190 | D:4      | Found a bloodstained altar of Trog.
  3254 | D:4      | Reached skill level 5 in Invocations
  3259 | D:3      | Reached XP level 6. HP: 48/54 MP: 9/9
  3383 | D:4      | Found Radyhed's Antique Armour Emporium.
  3483 | D:4      | Noticed an ice beast
  3748 | D:4      | Reached skill level 5 in Axes
  4105 | D:5      | Entered Level 5 of the Dungeon
  4115 | D:5      | Found a blossoming altar of Fedhas.
  4152 | D:5      | Found a burning altar of Makhleb.
  4211 | D:5      | Found a glowing silver altar of Zin.
  4220 | D:5      | Found a radiant altar of Vehumet.
  4430 | D:5      | Gained mutation: You curl defensively after being hit.
                  | [Palentonga growth]
  4430 | D:5      | Reached XP level 7. HP: 51/60 MP: 11/11
  4586 | D:5      | Reached **** piety under Lugonu
  5064 | D:6      | Found Kuuj's Jewellery Emporium.
  5085 | D:6      | Found Weachor's Antique Weapon Boutique.
  5094 | D:6      | Found Daeshrust's Antique Weapon Emporium.
  5160 | D:6      | Reached skill level 6 in Axes
  5232 | D:6      | Found Vileuto's Weapon Boutique.
  5316 | D:6      | Reached skill level 1 in Evocations
  5448 | D:6      | Reached skill level 1 in Throwing
  5509 | D:6      | Reached XP level 8. HP: 60/67 MP: 13/13
  5509 | D:6      | Found a sand-covered staircase.
  5516 | Ossuary  | Entered an ossuary
  5667 | Ossuary  | Reached skill level 7 in Axes
  6433 | D:6      | Found a white marble altar of Elyvilon.
  6789 | D:6      | Reached skill level 8 in Axes
  7058 | D:6      | Reached XP level 9. HP: 68/72 MP: 15/15
  7688 | D:7      | Found a staircase to the Ecumenical Temple.
  7710 | D:7      | Found a bloodstained altar of Trog.
  7710 | D:7      | Noticed Maimakterion's ghost (novice TrFi)
  7710 | D:7      | Noticed a moth of wrath
  7722 | D:7      | Found a transporter.
  7728 | D:7      | Found a transporter.
  7773 | D:7      | Reached skill level 9 in Axes
  7816 | D:7      | Reached ***** piety under Lugonu
  8455 | D:8      | Reached skill level 10 in Invocations
  9046 | D:9      | Noticed a cyan ugly thing
  9051 | D:9      | Banished a cyan ugly thing
  9088 | D:9      | Noticed a troll
  9089 | D:9      | Banished a troll
  9090 | D:9      | Reached skill level 10 in Axes
  9168 | D:9      | Reached XP level 10. HP: 77/82 MP: 18/18
  9375 | D:9      | Found a transporter.
  9379 | D:9      | Found a transporter.
  9381 | D:9      | Noticed Grognak's ghost (novice MiCK)
 10497 | D:10     | Entered Level 10 of the Dungeon
 10580 | D:9      | Reached skill level 11 in Axes
 11216 | D:10     | Noticed a four-headed hydra
 11217 | D:10     | Banished a four-headed hydra
 11218 | D:10     | Reached skill level 12 in Axes
 11269 | D:10     | Noticed Erica
 11270 | D:10     | Banished Erica
 11643 | D:10     | Found a staircase to the Lair.
 11719 | D:10     | Reached skill level 13 in Axes
 11830 | D:10     | Reached XP level 11. HP: 18/87 MP: 19/19
 13490 | D:11     | Noticed Erolcha
 13491 | D:11     | Banished Erolcha
 13492 | D:11     | Reached skill level 14 in Axes
 13503 | D:11     | Reached skill level 1 in Dodging
 13690 | D:11     | Found Liquomn's Jewellery Emporium.
 13732 | D:11     | Found Xibli's Assorted Antiques.
 14258 | D:11     | Found Fimeankenn's Magic Scroll Emporium.
 14330 | D:11     | Paralysed by an orc wizard for 3 turns
 14585 | D:11     | Bought a scroll of teleportation for 36 gold pieces
 14585 | D:11     | Bought a scroll of fear for 42 gold pieces
 15095 | D:11     | Found a staircase to the Orcish Mines.
 15335 | D:6      | Bought an encrusted war axe for 255 gold pieces
 15335 | D:6      | Identified the +11 war axe of Eternal Vigilance {pain,
                  | rElec Str-4 Dex+2} (You bought it in a shop on level 6 of
                  | the Dungeon)
 15812 | D:11     | Found Ryuqyod's Distillery.
 15822 | D:11     | Bought a potion of curing for 45 gold pieces
 15822 | D:11     | Bought a potion of berserk rage for 75 gold pieces
 15822 | D:11     | Bought a potion of might for 60 gold pieces
 16107 | Orc:1    | Entered Level 1 of the Orcish Mines
 16308 | D:11     | Reached skill level 5 in Fighting
 16486 | Orc:2    | Entered Level 2 of the Orcish Mines
 16514 | Orc:2    | Noticed an orc sorcerer
 16553 | Orc:1    | Killed an orc sorcerer
 16786 | Orc:2    | Found a staircase to the Elven Halls.
 16873 | Orc:1    | Noticed an orc high priest
 16962 | Orc:2    | Reached XP level 12. HP: 85/101 MP: 20/20
 17050 | Orc:1    | Noticed an ettin
 17051 | Orc:1    | Banished an ettin
 17052 | Orc:1    | Reached skill level 5 in Evocations
 17450 | Orc:1    | Killed an orc high priest
 17783 | Orc:2    | Noticed an orc high priest
 17902 | Orc:2    | Noticed an orc high priest
 17902 | Orc:2    | Noticed an orc high priest
 17910 | Orc:2    | Corrupted Orc:2
 17910 | Orc:2    | Noticed a two-headed ogre
 17910 | Orc:2    | a glowing shapeshifter changed into a two-headed ogre
 17910 | Orc:2    | Noticed a tentacled starspawn
 17910 | Orc:2    | Noticed a hell hog
 17911 | Orc:2    | Noticed an anaconda
 17911 | Orc:2    | a two-headed ogre changed into an anaconda
 17915 | Orc:2    | Killed an orc high priest
 17917 | Orc:2    | Killed an orc high priest
 17922 | Orc:2    | Killed an orc high priest
 17926 | Orc:2    | Noticed a two-headed ogre
 17926 | Orc:2    | a mana viper changed into a two-headed ogre
 17927 | Orc:2    | a two-headed ogre changed into a glowing orange brain
 17928 | Orc:2    | Noticed a tentacled starspawn
 17941 | Orc:2    | Found Cotyeh's Distillery.
 17941 | Orc:2    | Found Empetyso's Distillery.
 17943 | Orc:2    | Found Jiylotar's Distillery.
 17948 | Orc:2    | Found Ylot's Magic Scroll Shop.
 17950 | Orc:2    | Bought a potion of flight for 45 gold pieces
 17950 | Orc:2    | Bought a potion of degeneration for 15 gold pieces
 17955 | Orc:2    | Bought a scroll of fog for 32 gold pieces
 17955 | Orc:2    | Bought a scroll of random uselessness for 16 gold pieces
 18213 | Lair:1   | Entered Level 1 of the Lair of Beasts
 18342 | Lair:2   | Identified the +8 morningstar "Vitruh" {vorpal, rElec Will+
                  | MP-9 Str+3}
 18965 | Lair:1   | Reached skill level 5 in Dodging
 19591 | Lair:2   | Noticed a four-headed hydra
 19596 | Lair:2   | Banished a four-headed hydra
 19602 | Lair:2   | Reached XP level 13. HP: 106/114 MP: 19/22
 20114 | Lair:3   | Found a runed translucent gate.
 20114 | Lair:3   | Found a runed translucent gate.
 20117 | Lair:3   | Found a runed translucent gate.
 20118 | Lair:3   | Noticed Lobster4's ghost (journeyman HuWn)
 20778 | Lair:4   | Found a staircase to the Swamp.
 20833 | Lair:4   | Found a runed translucent door.
 20834 | Lair:4   | Identified the +5 trident of Death {venom, rC+ Str+4 Dex+4}
 20834 | Lair:4   | Noticed Poifiw's ghost (journeyman GnFi)
 21069 | Lair:4   | Reached skill level 10 in Fighting
 21440 | Lair:4   | Reached skill level 1 in Shields
 21623 | Lair:4   | Reached skill level 5 in Shields
 21661 | Lair:4   | Identified the amulet "Buoskag" {Reflect Int+4 SH+5}
 22400 | Lair:4   | Noticed Josephine
 22422 | Lair:3   | Killed Josephine
 22423 | Lair:3   | Reached XP level 14. HP: 118/130 MP: 23/23
 22570 | Lair:4   | Found a hole to the Spider Nest.
 23160 | D:4      | Bought the +3 salamander hide armour {Flames rF++ rC--} for
                  | 966 gold pieces
 23160 | D:4      | Found the +3 salamander hide armour {Flames rF++ rC--}
 23441 | Lair:6   | Entered Level 6 of the Lair of Beasts
 23930 | Lair:6   | Found a runed translucent door.
 23930 | Lair:6   | Found a viscous altar of Jiyva.
 23930 | Lair:6   | Found a staircase to the Slime Pits.
 23930 | Lair:6   | Noticed an acid blob
 24976 | Lair:3   | Killed Lobster4's ghost
 24984 | Lair:3   | Identified the +5 broad axe of Doubt {antimagic, +Blink rF+
                  | Dex-5 Stlth+}
 25219 | D:9      | Killed Grognak's ghost
 25232 | D:9      | Identified the amulet "Kiskoc" {Reflect +Inv rF+ SH+5}
 25421 | D:12     | Found Teaceag's Jewellery Shoppe.
 25480 | D:12     | Noticed Nessos
 25485 | D:12     | Killed Nessos
 25596 | D:12     | Reached ****** piety under Lugonu
 25607 | D:12     | Found Beruer's Distillery.
 25614 | D:12     | Bought a potion of brilliance for 52 gold pieces
 25642 | D:12     | Found Tiluc's Weapon Boutique.
 26706 | D:14     | Noticed Frances
 26715 | D:14     | Killed Frances
 26716 | D:14     | Reached XP level 15. HP: 23/143 MP: 24/24
 27586 | D:14     | Found a gate to the Vaults.
 27627 | D:15     | Entered Level 15 of the Dungeon
 27832 | D:15     | Found a staircase to the Depths.
 27937 | D:15     | Identified 4 scrolls of acquirement
 27937 | D:15     | Acquired the +8 executioner's axe "Kiumyits" {speed, rF++
                  | MP-9}
 28037 | D:15     | Found Ruik's Magic Scroll Shop.
 28101 | D:15     | Found a gate leading to a gauntlet.
 28110 | Gauntlet | Entered a Gauntlet
 28110 | Gauntlet | Found a transporter.
 28110 | Gauntlet | Found a transporter.
 28110 | Gauntlet | Found a transporter.
 28303 | Gauntlet | Found a transporter.
 28303 | Gauntlet | Found a transporter.
 28303 | Gauntlet | Found a transporter.
 28318 | Gauntlet | Found a transporter.
 28322 | Gauntlet | Found a transporter.
 28324 | Gauntlet | Found a large runed translucent door.
 28325 | Gauntlet | Found a large runed translucent door.
 28326 | Gauntlet | Found a large runed translucent door.
 28326 | Gauntlet | Found a large runed translucent door.
 28326 | Gauntlet | Found a runed translucent door.
 28326 | Gauntlet | Found a runed translucent door.
 28327 | Gauntlet | Found a large runed translucent door.
 28327 | Gauntlet | Found a large runed translucent door.
 28327 | Gauntlet | Found a large runed translucent door.
 28327 | Gauntlet | Found a large runed translucent door.
 28328 | Gauntlet | Found a large runed translucent door.
 28328 | Gauntlet | Found a large runed translucent door.
 28328 | Gauntlet | Found a large runed translucent door.
 28329 | Gauntlet | Found a large runed translucent door.
 28329 | Gauntlet | Found a large runed translucent door.
 28329 | Gauntlet | Found a large runed translucent door.
 28329 | Gauntlet | Found a large runed translucent door.
 28329 | Gauntlet | Found a large runed translucent door.
 28333 | Gauntlet | Found a runed translucent gate.
 28333 | Gauntlet | Found a runed translucent gate.
 28333 | Gauntlet | Found a runed translucent gate.
 28335 | Gauntlet | Found a transporter.
 28356 | Gauntlet | Found a transporter.
 28373 | Gauntlet | Found a transporter.
 28377 | Gauntlet | Found a transporter.
 28525 | Gauntlet | Identified the +0 helmet of the Realm of Zot {rPois Dex+2}
 28727 | Gauntlet | Reached skill level 10 in Evocations
 29095 | D:15     | Reached skill level 15 in Axes
 29688 | D:15     | Bought a scroll of amnesia for 56 gold pieces
 30249 | Depths:1 | Entered Level 1 of the Depths
 30356 | Depths:1 | Noticed a frost giant
 30362 | Depths:1 | Killed a frost giant
 30773 | Elf:1    | Entered Level 1 of the Elven Halls
 30843 | Elf:1    | Reached skill level 16 in Axes
 31607 | Elf:1    | Reached XP level 16. HP: 140/150 MP: 25/25
 31948 | Elf:1    | Reached skill level 17 in Axes
 32602 | Elf:1    | Identified the +7 shortbow of Beogh {flame, Dex+4}
 32732 | Elf:2    | Found Boqohul's Book Emporium.
 33252 | Elf:2    | Reached skill level 18 in Axes
 33935 | Elf:1    | HP: 7/150 [+4 dire flail of protection (23)]
 34345 | Elf:1    | Identified a +3 broad axe of distortion (a +1 broad axe of
                  | flaming corrupted by Lugonu)
 34345 | Elf:1    | Received a gift from Lugonu
 34914 | Elf:2    | Found a runed translucent gate.
 34915 | Elf:2    | Found a runed translucent gate.
 34915 | Elf:2    | Found a runed translucent gate.
 34916 | Elf:2    | Reached skill level 1 in Spellcasting
 35041 | Elf:2    | Reached skill level 1 in Stealth
 35115 | Elf:3    | Entered Level 3 of the Elven Halls
 35115 | Elf:3    | Found Buosahusus's Magic Scroll Shoppe.
 36224 | Elf:3    | Corrupted Elf:3
 36224 | Elf:3    | Noticed a tentacled starspawn
 36224 | Elf:3    | Noticed a lich
 36224 | Elf:3    | Noticed a dread lich
 36227 | Elf:3    | Noticed a lich
 36228 | Elf:3    | Cast into level 2 of the Abyss (a deep elf demonologist)
 36230 | Abyss:2  | Found a corrupted altar of Lugonu.
 36474 | Abyss:3  | Noticed a tentacled starspawn
 36492 | Abyss:3  | Killed a tentacled starspawn
 36500 | Abyss:3  | Reached XP level 17. HP: 123/161 MP: 26/26
 36518 | Elf:3    | Escaped the Abyss
 36521 | Elf:3    | Noticed an Ice Fiend
 36875 | Elf:3    | Identified the ring of Jioph {+Fly rCorr}
 36919 | Elf:3    | Identified the ring "Ligefop" {Wiz rF- rC+++ Str+6}
 36919 | Elf:3    | Noticed a deep elf master archer
 36920 | Elf:3    | Noticed a Brimstone Fiend
 37226 | Elf:3    | Reached skill level 5 in Armour
 37290 | Elf:3    | Noticed a deep elf master archer
 37295 | Elf:3    | Banished a deep elf master archer
 37585 | Elf:3    | Noticed a deep elf master archer
 37597 | Elf:3    | Banished a deep elf master archer
 37979 | Elf:3    | Killed a deep elf master archer
 37980 | Elf:3    | Reached skill level 15 in Fighting
 37984 | Elf:3    | Identified the +11 whip "Buptied" {speed, rC+ Dex+4}
 38260 | Elf:3    | Noticed a deep elf blademaster
 38272 | Elf:3    | Identified the +10 whip of Beixuoph {flame, rElec rF+
                  | Str+3}
 38273 | Elf:3    | Killed a deep elf blademaster
 38278 | Elf:3    | Identified the +5 crystal plate armour "Ybud" {rElec rF+
                  | rC-}
 38278 | Elf:3    | Noticed a deep elf blademaster
 38279 | Elf:3    | HP: 7/167 [deep elf blademaster/+0 quick blade (10)]
 38284 | Abyss:1  | Found a corrupted altar of Lugonu.
 38589 | Abyss:1  | Noticed a Hell Sentinel
 38593 | Abyss:1  | Banished a Hell Sentinel
 38636 | Abyss:1  | Found a corrupted altar of Lugonu.
 38822 | Abyss:1  | Noticed a bone dragon
 38881 | Abyss:1  | Slain by a bone dragon

Illustrated notes

Levels and vault maps discovered:
D:1:      lightli_arrival_chessboard, layout_loops_ring
D:2:      layout_rooms, lemuel_round_altar, minmay_tetromino_l2, uniq_robin
D:3:      layout_basic, nicolae_gozag_cash_rules_everything_around_me
D:4:      minmay_general_purpose_star, layout_basic, bloody_trog, serial_shops,
          shop, minmay_misc_feat_chi
D:5:      layout_gridville, makhleb_heckhound_becter,
          grunt_temple_overflow_open, basic_altar
D:6:      layout_loops_ring, nicolae_ossuary_entry_catacombs, serial_shops,
          nicolae_shop_trees, shop, shop, shop, elyvilon_altar_1
D:7:      layout_cave_pools, minmay_temple_entry_statues_fountains,
          gammafunk_ghost_wrathful_warriors
D:8:      layout_basic
D:9:      layout_roguey, gammafunk_ghost_hive, kennysheep_potato
D:10:     layout_stronghold, lair_entry_dummy, hangedman_decor_opposing,
          uniq_erica
D:11:     layout_basic, erik_orc_4, serial_shops,
          nicolae_shop_overgrown_old_shop, shop, shop, shop_statue, uniq_erolcha
D:12:     layout_cave_pools, serial_shops, nicolae_shop_crystal, shop_fountains,
          shop, uniq_nessos
D:13:     layout_basic
D:14:     layout_small_grid, david_vaults_4, serial_park_tiny_1, the_bakery,
          uniq_frances
D:15:     hangedman_depths_entry_civil_slaughter, layout_stronghold,
          serial_shops, shop_scrolls, gauntlet_entry_generic
Lair:1:   minmay_lair_oklob_tunnel, layout_regular_city, serial_bayou_shore_b
Lair:2:   layout_hall_layers, minivault_27, pond, infiniplex_staircase_pool_2,
          minmay_lair_oklob_chamber
Lair:3:   layout_loops_ring, gammafunk_ghost_hydra_chop
Lair:4:   nzn_winding_woodlands_huge [nzn_winding_woodlands_5x15_sawtooth,
          nzn_winding_woodlands_5x15_sidewinder,
          nzn_winding_woodlands_5x15_garden, nzn_winding_woodlands_5x15_jagged,
          nzn_winding_woodlands_5x15_twine,
          nzn_winding_woodlands_5x15_pathside_ponds,
          nzn_winding_woodlands_5x15_pockets,
          nzn_winding_woodlands_5x15_concentric,
          nzn_winding_woodlands_5x15_default,
          nzn_winding_woodlands_5x15_default,
          nzn_winding_woodlands_center_diamonds,
          nzn_winding_woodlands_center_lodge,
          nzn_winding_woodlands_15x15_thick_spiral], layout_long_grid,
          minmay_swamp_entry_wisps, spider_nest_entry_web_field,
          ebering_ghost_funeral_grove, chequers_serial_rivers_large_a,
          uniq_josephine
Lair:5:   layout_layer_cave, grunt_megastairs_4
Lair:6:   due_jungle_book, layout_concentric_octagons, slime_altar_2
Orc:1:    layout_caves
Orc:2:    st_orc_elflike, layout_diamond_mine, basic_altar
Elf:1:    minmay_elf_arrival_circle, layout_rooms, minivault_28,
          hangedman_elf_power_crystal, drop_trap, nicolae_elf_w_pinch
Elf:2:    layout_rooms, serial_shops, nicolae_shop_statue_plus
Elf:3:    nooodl_elf_gasket, layout_geoelf_octagon, serial_shops,
          nicolae_shop_competitors_out_of_business, st_stairs_6
Depths:1: layout_basic, enter_ziggurat_b, kennysheep_big_empty_room,
          pf_coc_iceberg, abyss_entry, minmay_the_grid_square_5x5_3x3_mashed
          [minmay_the_grid_square_5x5_meh,
          minmay_the_grid_square_5x5_fancy_junction,
          minmay_the_grid_square_5x5_tri_point,
          minmay_the_grid_square_5x5_bridge,
          minmay_the_grid_square_5x5_megaprize_diamond,
          minmay_the_grid_square_5x5_moneybag,
          minmay_the_grid_square_5x5_tetrominoes,
          minmay_the_grid_square_5x5_beaten_path,
          minmay_the_grid_square_5x5_three_walls]
Abyss:1:  base: Temple, base: Temple, base: Temple, evilmike_abyss_exit_chaos,
          base: D:6, base:
Depths:5

Skill      XL: |  1  2  3  4  5  6  7  8  9 10 11 12 13 14 15 16 17 |
---------------+----------------------------------------------------+-----
Invocations    | 3 4 5 6 7 9 10 11 12 13 | 13.0
Axes           | 3 4 5 6 8 10 13 14 16 18 | 18.0
Evocations     | 2 4 7 8 10 | 10.0
Throwing       | 1 |  1.0
Dodging        | 4 5 |  5.0
Fighting       | 5 8 10 12 13 16 | 16.3
Armour         | 2 3 5 |  5.0
Shields        | 6 9 |  9.0
Spellcasting   | 3 |  3.0
Stealth        | 2 3 |  3.0

Action                   |  1- 3 |  4- 6 |  7- 9 | 10-12 | 13-15 | 16-18 || total
-------------------------+-------+-------+-------+-------+-------+-------++-------
Melee: Hand axe          |   110 |   164 |   439 |   514 |       |       ||  1227
       Tailslap          |     5 |    16 |    64 |   127 |   128 |    58 ||   398
       War axe           |       |       |       |   394 |   727 |    69 ||  1190
       Broad axe         |       |       |       |       |   126 |   397 ||   523
Throw: Dart              |       |     3 |    11 |    94 |       |       ||   108
       Boomerang         |       |       |       |       |     1 |       ||     1
Invok: Bend Space        |       |     1 |       |     4 |     7 |     1 ||    13
       Banish            |       |       |     2 |    10 |     4 |     1 ||    17
       Corrupt           |       |       |       |     1 |       |     1 ||     2
       Brand Weapon With |       |       |       |       |       |     1 ||     1
       Enter the Abyss   |       |       |       |       |       |     1 ||     1
 Abil: Rolling Charge    |     6 |     7 |    31 |    55 |   104 |    99 ||   302
Evoke: Wand              |       |       |       |     1 |     1 |     5 ||     7
       Phial of floods   |       |       |       |       |     1 |       ||     1
       Condenser vane    |       |       |       |       |       |     1 ||     1
  Use: Scroll            |       |       |     8 |     5 |     7 |     6 ||    26
       Potion            |       |       |       |       |       |     3 ||     3
 Stab: Distracted        |       |       |       |       |       |     3 ||     3
Armor: Leather armour    |    31 |    49 |   109 |   148 |    84 |    47 ||   468
       Troll leather arm |       |       |       |    78 |    95 |       ||   173
Dodge: Dodged            |   118 |   108 |   182 |   409 |   353 |   122 ||  1292
Block: Kite shield       |       |       |       |       |   350 |   165 ||   515
       Reflection        |       |       |       |       |    11 |     5 ||    16

Table legend: (Time is in decaauts)
 A = Elapsed time spent in this place.
 B = Non-inter-level travel time spent in this place.
 C = Inter-level travel time spent in this place.
 D = Time resting spent in this place.
 E = Time spent auto-exploring this place.
 F = Levels seen in this place.
 G = Mean time per level.
                   A        B        C        D        E       F      G
               +--------+--------+--------+--------+--------+-----+--------+
         Total |  38618 |  35893 |   2725 |   8773 |  20006 |  33 | 1170.2 |
       Dungeon |  19860 |  17926 |   1934 |   2231 |  12462 |  15 | 1324.0 |
          Lair |   6598 |   6168 |    430 |    274 |   4570 |   6 | 1099.7 |
  Orcish Mines |   2824 |   2677 |    147 |   1125 |    768 |   2 | 1412.0 |
   Elven Halls |   6193 |   6009 |    184 |   3700 |   1557 |   3 | 2064.3 |
        Depths |    386 |    358 |     28 |    264 |     50 |   1 |  386.0 |
         Abyss |    887 |    887 |      0 |    542 |     56 |   4 |  221.8 |
       Ossuary |    919 |    919 |      0 |    357 |    198 |   1 |  919.0 |
      Gauntlet |    947 |    947 |      0 |    280 |    345 |   1 |  947.0 |
               +--------+--------+--------+--------+--------+-----+--------+

Top non-repeatable levels by time:
    D:11: 2771 daAuts
    D:10: 2684 daAuts
   Elf:1: 2663 daAuts
   Elf:3: 2424 daAuts
  Lair:4: 2245 daAuts
     D:9: 2059 daAuts
   Orc:2: 2016 daAuts
     D:3: 1705 daAuts
    D:15: 1667 daAuts
     D:6: 1562 daAuts
  Lair:6: 1260 daAuts
     D:5: 1163 daAuts
   Elf:2: 1105 daAuts
  Lair:2: 1007 daAuts
    D:14: 990 daAuts
